 Dungeon Crawl Stone Soup version 0.31-a0-182-gc5ef74bbde (webtiles) character file.

Game seed: 2205817328422048128

2545 ketsa the Magician (level 9, -7/67 HPs)
             Began as a Djinni Conjurer on June 20, 2023.
             Was an Elder of Nemelex Xobeh.
             Killed by divine providence
             ... invoked by a smoke demon
              (15 damage)
             ... on level 1 of the Abyss.
             The game lasted 00:21:14 (7504 turns).

ketsa the Magician (Djinni Conjurer)                Turns: 7504, Time: 00:21:16

Health: -7/67      AC: 10    Str:  6      XL:     9   Next: 85%
Gold:   275        EV: 12    Int: 25      God:    Nemelex Xobeh [****..] SH:  0 Dex: 16 (17)

rFire   + + .        r - +3 falchion
rCold   x . .        (no shield)
rNeg    . . .        a - +1 robe
rPois   ∞            (no helmet)
rElec   .            (no cloak)
rCorr   .            c - +2 pair of gloves
SInv    .            (boots unavailable)
Will    .....        (no amulet)
Stlth   ++           l - +6 ring of dexterity
HPRegen 0.31/turn    p - +4 ring of protection
MPRegen 0.00/turn

%: infuse magic (-8 HP)
@: about to teleport, flying
A: sickness immunity, fire resistance 2, cold vulnerability 1, float, innate
caster, HP casting, extra vitality 1
a: Renounce Religion, Draw Escape, Draw Destruction, Draw Summoning, Triple
Draw, Deal Four


You were on level 1 of the Abyss.
You worshipped Nemelex Xobeh.
Nemelex Xobeh was greatly pleased with you.
You visited 1 branch of the dungeon, and saw 7 of its levels.
You visited the Abyss 1 time.
You also visited: Ossuary.

You collected 450 gold pieces.
You spent 175 gold pieces at shops.

Inventory:

Hand Weapons
 r - a +3 falchion (weapon)
Missiles
 e - 6 poisoned darts
 g - 2 throwing nets
Armour
 a - a +1 robe (worn)
 c - a +2 pair of gloves (worn)
Jewellery
 l - a +6 ring of dexterity (left hand)
 p - a +4 ring of protection (right hand)
Wands
 q - a wand of flame (15)
 x - a wand of acid (3)
Scrolls
 b - 2 scrolls of teleportation
 h - 2 scrolls of fog
 k - a scroll of amnesia
 m - a scroll of revelation
 y - a scroll of identify
Potions
 f - 4 potions of haste
 j - 2 potions of mutation
 n - 3 potions of heal wounds
 o - 2 potions of enlightenment
 s - 2 potions of attraction {unknown}
 t - a potion of berserk rage {unknown}
 u - a potion of might {unknown}
 w - a potion of magic {unknown}
Miscellaneous
 d - a piece from Xom's chessboard (15/15)


   Skills:
 + Level 6.6 Fighting
 - Level 2.1 Dodging
 - Level 1.5 Stealth
 + Level 7.9 Spellcasting
 + Level 7.9 Conjurations
 + Level 7.9 Hexes
   Level 0.0 Charms
 + Level 7.9 Summonings
 + Level 7.9 Necromancy
 + Level 7.9 Translocations
 + Level 7.9 Transmutations
 + Level 7.9 Fire Magic
 + Level 7.9 Ice Magic
 + Level 7.9 Air Magic
 + Level 7.9 Earth Magic
 + Level 7.9 Poison Magic
 + Level 4.5 Invocations


You knew the following spells:

 Your Spells              Type           Power      Damage    Failure   Level
a - Magic Dart            Conj           100%       1d8       1%          1
b - Searing Ray           Conj           98%        2d8       1%          2
c - Dazzling Flash        Conj/Hex       98%        N/A       1%          3
d - Fulminant Prism       Conj/Hex       24%        3d12      2%          4
e - Iskenderun's Mystic   Conj/Tloc      49%        2d11      2%          4
f - Summon Small Mammal   Summ           100%       N/A       1%          1
g - Lesser Beckoning      Tloc           98%        N/A       1%          2
h - Poisonous Vapours     Pois/Air       98%        N/A       1%          2
i - Cause Fear            Hex            24%        N/A       2%          4
Your spell library was empty.

Dungeon Overview and Level Annotations

Branches:
Dungeon (7/15)            Ossuary (visited)
 Temple: D:4-7

Altars:
Cheibriados
Fedhas
Nemelex Xobeh
Uskayaw
Xom

Shops:
D:5 *

Annotations:
D:7 Maggie


Innate Abilities, Weirdness & Mutations

You are immune to sickness and miasma.
You are immune to poison.
Your flesh is very heat resistant. (rF++)
You are vulnerable to cold. (rC-)
You float through the air rather than walking.
You learn spells naturally, not from books.
Your magical power is your life essence.
You have superior vitality. (+4 MHP)


Message History

The searing ray hits the hellwing.
The hellwing is almost dead.
* * * LOW HITPOINT WARNING * * *
Ketsa's illusion is smitten.
Ketsa's illusion hits the hellwing but does no damage.
The hellwing hits you.
* * * LOW HITPOINT WARNING * * *
The hellwing hits you but does no damage.
A hellwing comes into view.
Ketsa's illusion gestures wildly while chanting.
The hellwing misses your quokka. The hellwing hits your quokka!
Your quokka dies!
Your quokka's corpse disappears in a puff of smoke!
As you read the scroll of teleportation, it crumbles to dust.
You feel strangely unstable.
You feel the power of the Abyss delaying your translocation!
The hellwing swoops through the air toward you!
The hellwing hits you!
* * * LOW HITPOINT WARNING * * *
The hellwing barely misses you.
A smoke demon comes into view.
You swap places.
Your bat barely misses the hellwing.
Ketsa's illusion hits the hellwing.
Your bat hits the hellwing but does no damage.
The hellwing hits ketsa's illusion but does no damage.
The hellwing hits ketsa's illusion.
A naga mage comes into view. It is wielding a +0 flail.
Ketsa's illusion closely misses the hellwing.
The hellwing hits ketsa's illusion but does no damage.
The hellwing hits ketsa's illusion!
Ketsa's illusion shimmers and vanishes!
Your river rat disappears in a puff of smoke!
Your bat disappears in a puff of smoke!
The worldbinder hits you but does no damage.
The worldbinder barely misses you.
A naga comes into view. It is wielding a +0 scimitar.
The smoke demon gestures at you. Something smites you!
You die...
Your body disappears without a glow.

.##..##... #..## .# .
. ........#.##### .. .
.. ... ####...... >. .
. . #. ##..3..##..##
.##..
##..##3.##4§##### .##
.# # ........
#...#.... .... . .
........4. #.##.....
.. .
#..##§.##x#k.###..##..
#..##.§##@# . #..#
....#4.. ##'.#.. .. .
......##..k....#.... .
#..##..##.##....#.# #
# . #.. #..##.# ..N..
# . .' ... ......#
#N..### .. .... .N'.
.. # ### #+ . # . # .
.


You could see a hellwing, a naga mage, a smoke demon, a swamp drake (summoned)
and a naga (wandering).

Vanquished Creatures
  A small abomination (Abyss:1)
  A wraith (D:6)
  2 water moccasins
  A black bear (D:5)
  An ice beast (D:5)
  An ogre (D:4)
  A centaur (D:7)
  A phantom (D:4)
  A kobold brigand (D:3)
  2 bullfrogs
  3 scorpions
  2 water moccasin zombies (Ossuary)
  4 wights (D:6)
  3 killer bees (D:7)
  2 howler monkeys (D:5)
  2 quasits (Abyss:1)
  5 hounds
  An orc priest (D:7)
  A sleepcap (D:6)
  6 iguanas (D:5)
  An orc wizard (D:7)
  2 mummies (Ossuary)
  7 gnolls
  6 adders
  A shadow imp (D:6)
  5 adder zombies (Ossuary)
  2 worms
  2 dart slugs
  11 orcs
  5 ball pythons
  4 bats
  5 endoplasms
  2 giant cockroaches
  6 gnoll zombies (Ossuary)
  3 hobgoblins
  6 jackals (D:2)
  2 quokkas
  5 frilled lizards
  8 goblins
  3 hobgoblin zombies (Ossuary)
  2 kobolds
  3 kobold zombies (Ossuary)
  5 orc zombies (Ossuary)
  4 rats
141 creatures vanquished.

Vanquished Creatures (collateral kills)
  An adder zombie (Ossuary)
1 creature vanquished.

Vanquished Creatures (others)
  21 fulminant prisms
21 creatures vanquished.

Grand Total: 163 creatures vanquished

Notes
Turn   | Place    | Note
-------+----------+-------------------------------------------
     0 | D:1      | ketsa the Djinni Conjurer began the quest for the Orb.
     0 | D:1      | ketsa set off with the following spells memorised: Magic
                  | Dart, Searing Ray, Dazzling Flash, Fulminant Prism,
                  | Iskenderun's Mystic Blast.
     0 | D:1      | Reached XP level 1. HP: 15/15 MP: 0/0
   475 | D:1      | Found a faded altar of an unknown god.
   481 | D:1      | Reached XP level 2. HP: 16/21 MP: 0/0
   524 | D:1      | Prayed at the altar of an unknown god.
   524 | D:1      | Became a worshipper of Nemelex Xobeh the Trickster
   524 | D:1      | Reached * piety under Nemelex Xobeh
   924 | D:2      | Reached XP level 3. HP: 17/25 MP: 0/0
   924 | D:2      | Learned a level 1 spell: Summon Small Mammal
  1051 | D:2      | Received a gift from Nemelex Xobeh
  1147 | D:2      | Reached ** piety under Nemelex Xobeh
  1576 | D:2      | Reached XP level 4. HP: 26/31 MP: 0/0
  1709 | D:2      | Received a gift from Nemelex Xobeh
  2240 | D:3      | Found a hide-covered altar of Uskayaw.
  2249 | D:3      | Noticed a kobold brigand
  2263 | D:3      | Reached XP level 5. HP: 33/35 MP: 0/0
  2263 | D:3      | Learned a level 2 spell: Lesser Beckoning
  2269 | D:3      | Killed a kobold brigand
  2270 | D:3      | Reached skill level 5 in Spellcasting
  2270 | D:3      | Reached skill level 5 in Conjurations
  2270 | D:3      | Reached skill level 5 in Hexes
  2270 | D:3      | Reached skill level 5 in Summonings
  2270 | D:3      | Reached skill level 5 in Necromancy
  2270 | D:3      | Reached skill level 5 in Translocations
  2270 | D:3      | Reached skill level 5 in Transmutations
  2270 | D:3      | Reached skill level 5 in Fire Magic
  2270 | D:3      | Reached skill level 5 in Ice Magic
  2270 | D:3      | Reached skill level 5 in Air Magic
  2270 | D:3      | Reached skill level 5 in Earth Magic
  2270 | D:3      | Reached skill level 5 in Poison Magic
  2380 | D:3      | Found a shimmering altar of Xom.
  2692 | D:4      | Reached XP level 6. HP: 14/40 MP: 0/0
  2698 | D:4      | Noticed an ogre
  3028 | D:4      | Killed an ogre
  3074 | D:4      | Reached *** piety under Nemelex Xobeh
  3100 | D:4      | Received a gift from Nemelex Xobeh
  3229 | D:4      | Received a gift from Nemelex Xobeh
  3296 | D:4      | Reached XP level 7. HP: 30/45 MP: 0/0
  3296 | D:4      | Learned a level 2 spell: Poisonous Vapours
  3667 | D:5      | Entered Level 5 of the Dungeon
  3776 | D:5      | Noticed a water moccasin
  3782 | D:5      | Killed a water moccasin
  3907 | D:5      | Found a snail-covered altar of Cheibriados.
  3991 | D:5      | Reached XP level 8. HP: 41/50 MP: 0/0
  4044 | D:5      | Reached **** piety under Nemelex Xobeh
  4065 | D:5      | Reached skill level 1 in Fighting
  4180 | D:5      | Received a gift from Nemelex Xobeh
  4388 | D:5      | Found Fibovyn's Assorted Antiques.
  4402 | D:5      | Bought a gold wand for 100 gold pieces
  4402 | D:5      | Bought a scroll labelled VIUG CEIGOMP for 25 gold pieces
  4402 | D:5      | Bought a scroll of identify for 50 gold pieces
  4618 | D:5      | Reached skill level 1 in Invocations
  5047 | D:6      | Found a sand-covered staircase.
  5055 | Ossuary  | Entered an ossuary
  5680 | D:6      | Reached XP level 9. HP: 57/63 MP: 0/0
  5680 | D:6      | Learned a level 4 spell: Cause Fear
  5817 | D:6      | Reached skill level 5 in Fighting
  6165 | D:6      | Received a gift from Nemelex Xobeh
  7252 | D:7      | Found a blossoming altar of Fedhas.
  7369 | D:7      | Noticed Maggie
  7381 | Abyss:1  | Found a corrupted altar of Lugonu.
  7381 | Abyss:1  | Cast into level 1 of the Abyss (Maggie)
  7442 | Abyss:1  | Found a corrupted altar of Lugonu.
  7465 | Abyss:1  | Received a gift from Nemelex Xobeh
  7480 | Abyss:1  | Noticed a worldbinder
  7482 | Abyss:1  | Noticed a hellwing
  7495 | Abyss:1  | Noticed a hellwing
  7497 | Abyss:1  | Noticed a smoke demon
  7499 | Abyss:1  | Noticed a naga mage
  7500 | Abyss:1  | Noticed a goliath frog
  7504 | Abyss:1  | Killed from afar by a smoke demon

Illustrated notes

Levels and vault maps discovered:
D:1:      minmay_arrival_three_doors, layout_basic, ebering_ecumenical_altar_box
D:2:      layout_basic, hangedman_feature_mirror, hangedman_decor_lopped
D:3:      layout_rooms, xom_teletrap_fun,
          mainiacjoe_overflow_concentric_impassable
D:4:      layout_basic
D:5:      layout_cave_pods, mainiacjoe_overflow_alcove_1, serial_shops, shop,
          chequers_decorated_corner, serial_park_tiny_2, st_stairs_11,
          nicolae_letterblocks [nicolae_letter_subblock,
          nicolae_letter_subblock, nicolae_letter_subblock,
          nicolae_letter_subblock, nicolae_letter_subblock,
          nicolae_letter_subblock, nicolae_letter_subblock,
          nicolae_letter_subblock, nicolae_letter_subblock,
          nicolae_letter_subblock, nicolae_letter_subblock,
          nicolae_letter_subblock, nicolae_letter_subblock,
          nicolae_letter_subblock, nicolae_letter_subblock,
          nicolae_letter_subblock, nicolae_letter_subblock,
          nicolae_letter_subblock, nicolae_letter_subblock,
          nicolae_letter_subblock, nicolae_letter_subblock,
          nicolae_letter_subblock, nicolae_letter_subblock,
          nicolae_letter_subblock, nicolae_letter_subblock]
D:6:      layout_cave_pods, chequers_ossuary_entry_cave
D:7:      nicolae_cairo_tiling_large, layout_cave_pools,
          fedhas_bush_and_centaur_altar, minmay_temple_entry_antechambers,
          hellmonk_bongcloud_opening, uniq_maggie
Abyss:1:  base:
Temple

Skill      XL: |  1  2  3  4  5  6  7  8  9 |
---------------+----------------------------+-----
Spellcasting   | 4 5 6 7 |  7.9
Conjurations   | 4 5 6 7 |  7.9
Hexes          | 4 5 6 7 |  7.9
Summonings     | 4 5 6 7 |  7.9
Necromancy     | 4 5 6 7 |  7.9
Translocations | 4 5 6 7 |  7.9
Transmutations | 4 5 6 7 |  7.9
Fire Magic     | 4 5 6 7 |  7.9
Ice Magic      | 4 5 6 7 |  7.9
Air Magic      | 4 5 6 7 |  7.9
Earth Magic    | 4 5 6 7 |  7.9
Poison Magic   | 4 5 6 7 |  7.9
Fighting       | 4 6 |  6.6
Invocations    | 2 4 |  4.5
Dodging        | |  2.1
Stealth        | |  1.5

Action                     |  1- 3 |  4- 6 |  7- 9 || total
---------------------------+-------+-------+-------++-------
  Melee: Unarmed           |     1 |       |     1 ||     2
         Falchion          |       |       |    11 ||    11
   Cast: Magic Dart        |    63 |    66 |    81 ||   210
         Searing Ray       |     1 |     8 |    45 ||    54
         Fulminant Prism   |       |     1 |    21 ||    22
         Summon Small Mamm |       |       |     5 ||     5
         Dazzling Flash    |       |       |     1 ||     1
 Invoke: Draw Summoning    |       |       |     1 ||     1
    Use: Scroll            |       |       |    15 ||    15
         Potion            |       |       |     1 ||     1
   Stab: Sleeping          |     1 |       |     1 ||     2
 Armour: Robe              |     2 |     1 |    28 ||    31
  Dodge: Dodged            |     7 |    16 |    73 ||    96

Table legend: (Time is in decaauts)
 A = Elapsed time spent in this place.
 B = Non-inter-level travel time spent in this place.
 C = Inter-level travel time spent in this place.
 D = Time resting spent in this place.
 E = Time spent auto-exploring this place.
 F = Levels seen in this place.
 G = Mean time per level.
                   A        B        C        D        E       F      G
               +--------+--------+--------+--------+--------+-----+--------+
         Total |   7511 |   7288 |    223 |   1959 |   3967 |   9 |  834.6 |
       Dungeon |   6830 |   6607 |    223 |   1509 |   3964 |   7 |  975.7 |
         Abyss |    122 |    122 |      0 |     43 |      0 |   1 |  122.0 |
       Ossuary |    558 |    558 |      0 |    407 |      3 |   1 |  558.0 |
               +--------+--------+--------+--------+--------+-----+--------+

Top non-repeatable levels by time:
     D:6: 1304 daAuts
     D:5: 1237 daAuts
     D:2: 1163 daAuts
     D:4: 1091 daAuts
     D:1: 918 daAuts
     D:3: 590 daAuts
 Ossuary: 558 daAuts
     D:7: 524 daAuts
 Abyss:1: 122 daAuts
